 Dungeon Crawl Stone Soup version 0.30-a0-166-g5d06c95188 (webtiles) character file.

Game seed: 5654480968896709051

50435 qw the Peltast (level 14, -23/88 HPs)
             Began as a Gargoyle Fighter on Sept 28, 2022.
             Was an Elder of Okawaru.
             Annihilated by a dire elephant (26 damage)
             ... on level 5 of the Lair of Beasts.
             The game lasted 00:07:15 (17713 turns).

qw the Peltast (Gargoyle Fighter)                  Turns: 17713, Time: 00:07:15

Health: -23/88     AC: 29    Str: 26    XL:     14   Next: 55%
Magic:  19/21      EV:  9    Int:  8    God:    Okawaru [****..]
Gold:   570        SH: 26    Dex:  9    Spells: 13/13 levels left

rFire   + . .      SeeInvis .    Y - +2 war axe
rCold   + . .      Faith    .    z - +1 tower shield {rC+}
rNeg    + + .      Spirit   .    h - +0 chain mail
rPois   inf        Reflect  +    (no helmet)
rElec   +          Harm     .    e - +1 cloak
rCorr   .          Rampage  .    b - +0 pair of gloves
Will    +....                    m - +1 pair of boots
Stlth   ..........               l - amulet of reflection
HPRegen 0.24/turn                p - ring of positive energy
MPRegen 0.17/turn                x - ring of protection from fire

@: heroic, flying
A: sickness immunity, AC +10, big wings, negative energy resistance 1,
electricity resistance, torment resistance 1, petrification resistance
a: Renounce Religion, Heroism, Finesse


You were on level 5 of the Lair of Beasts.
You worshipped Okawaru.
Okawaru was greatly pleased with you.
You visited 3 branches of the dungeon, and saw 15 of its levels.

You collected 889 gold pieces.
You spent 319 gold pieces at shops.


Innate Abilities, Weirdness & Mutations

You are immune to sickness and miasma.
Your stone body is resilient. (AC +10)
You are immune to poison.
Your large and strong wings let you fly.
You resist negative energy. (rN+)
You are resistant to electric shocks. (rElec)
You are resistant to unholy torment.
You are immune to petrification.


   Skills:
 - Level 10.1(15.1) Fighting
 + Level 13.8(18.8) Axes
 - Level 4.0(9.0) Throwing
 - Level 8.0(13.0) Armour
 - Level 2.2(7.2) Dodging
 - Level 15.0(20.0) Shields
 - Level 10.0 Invocations


You had 13 spell levels left.
You didn't know any spells.
Your spell library was empty.

Inventory:

Hand Weapons
 t - a +3 hand axe of flaming
 Y - a +2 war axe (weapon)
Armour
 b - a +0 pair of gloves (worn)
 e - a +1 cloak (worn)
 h - a +0 chain mail (worn)
 m - a +1 pair of boots (worn)
 n - the +1 scale mail "Kihooj" {rF+}
   (You found it on level 4 of the Dungeon)

   rF:        It protects you from fire.
 u - +0 acid dragon scales
 y - the +0 ring mail "Qeusitof" {Rampage rC+++ Dex-3 Stlth-}
   (Okawaru gifted it to you on level 3 of the Lair of Beasts)

   Dex:       It affects your dexterity (-3).
   rC:        It renders you almost immune to cold.
   Rampage:   It bestows one free step when moving towards enemies.
   Stlth:     It makes you less stealthy.
 z - a +1 tower shield of cold resistance (worn)
Jewellery
 l - an amulet of reflection (around neck)
 p - a ring of positive energy (left hand)
 q - a ring of resist corrosion
 x - a ring of protection from fire (right hand)
Scrolls
 c - a scroll of summoning {unknown}
 j - 2 scrolls of identify
Potions
 a - a potion of mutation
 d - 2 potions of might
 f - a potion of cancellation
 g - 3 potions of lignification
 i - 5 potions of curing
 k - 3 potions of haste
 o - 4 potions of attraction
 w - a potion of magic

Dungeon Overview and Level Annotations

Branches:
Dungeon (9/15)             Temple (1/1) D:7            Lair (5/5) D:9
 Shoals (0/4) Lair:3        Snake (0/4) Lair:3        Slime (0/5) Lair:5
    Orc: D:9-12

Altars:
Ashenzari
Cheibriados
Dithmenos
Elyvilon
Fedhas
Gozag
Hepliaklqana
Kikubaaqudgha
Makhleb
Nemelex Xobeh
Okawaru
Qazlal
Ru
Sif Muna
Trog
Uskayaw
Vehumet
Wu Jian
Xom
Yredelemnul
Zin
The Shining One
Jiyva

Shops:
D:5 !   D:6 =   D:7 !

Annotations:
Lair:1 2 transporters, qw's ghost, journeyman GrFi


Message History

The dire elephant tramples you!
You hold your ground!
You block the dire elephant's attack.
17707 ||| DRINKING 2 potions of heal wounds.
You feel much better. You block the dire elephant's attack.
The dire elephant trunk-slaps you but does no damage.
The dire elephant tramples you.
You are shoved backwards!
17708 ||| INVOKING Heroism.
You gain the combat prowess of a mighty hero.
The dire elephant tramples you!
You hold your ground!
You block the dire elephant's attack.
You slash the dire elephant!
The dire elephant is heavily wounded.
You slash the dire elephant! You slash the dire elephant!
The dire elephant is severely wounded.
You hit the dire elephant.
You block the dire elephant's attack. x2
The dire elephant tramples you but does no damage.
The dire elephant trunk-slaps you but does no damage.
You slash the dire elephant!
The dire elephant is severely wounded.
You hit the dire elephant. You closely miss the necromancer.
The withered plant crumbles away.
The dire elephant tramples you!
You hold your ground!
The dire elephant trunk-slaps you but does no damage.
You block the dire elephant's attack. x2
The necromancer gestures at you while chanting.
Your body is wracked with pain!
17712 ||| DRINKING potion of heal wounds.
You feel much better.
You block the dire elephant's attack. x2; The dire elephant tramples you!!
You hold your ground!
The dire elephant barely misses you. You block the necromancer's attack.
You slash the dire elephant!
The dire elephant is severely wounded.
You barely miss the necromancer. You hit the dire elephant.
The dire elephant's soul is no longer bound.
The dire elephant tramples you!!
You die...

7...7 p..##..#
#...#
..##.######
#..##
.P##.##..##
##...#####
.##..##...
#...##8..+
P#7.####..
##...'..###
#....##..
#...'...P#
#7..######
#...####.#
7P.## #
##..@pZ#.##7..#
#
##.YY.#..##..##
#
#.#.(##.##P..#
###...#.###..#
#8.8#..P#7.#
##'####.##.##
#.. #P.#.P#
..~~ ##.#..#
~~~~~ #.#..#


You could see 2 dire elephants, a spectral anaconda and a necromancer.

Vanquished Creatures
  3 dire elephants (Lair:5)
  Snorg (Lair:4)
  6 hydras
  A catoblepas (Lair:2)
  3 boulder beetles
  3 death yaks
  Amaemon (D:9)
  A spectral death yak (Lair:5)
  An obsidian statue (Lair:5)
  A bog body (Lair:3)
  21 elephants
  3 black mambas
  4 torpor snails
  8 komodo dragons
  12 cane toads
  An orange demon (D:9)
  A freezing wraith (Lair:3)
  6 rime drakes
  An ice devil (Lair:3)
  A hornet (D:8)
  A polar bear (Lair:3)
  14 blink frogs
  11 dream sheep
  A shadow (D:9)
  3 wyverns
  2 basilisks (Lair:3)
  52 yaks
  3 steam dragons
  2 vampire mosquitoes (D:6)
  An acid dragon (D:9)
  11 water moccasins
  2 nagas (Lair:3)
  An orc warrior (D:6)
  3 ice beasts
  A sky beast (D:6)
  2 black bears
  An ogre (D:6)
  17 wolves
  8 centaurs
  6 kobold brigands
  10 bullfrogs
  A scorpion (D:7)
  A two-headed ogre simulacrum (Lair:3)
  3 necrophages
  5 wights (D:8)
  7 killer bees
  2 elephant simulacra
  An electric eel (Lair:2)
  4 hounds
  A jelly (D:6)
  2 gnoll boudas
  2 orc priests
  5 iguanas
  4 orc wizards
  A troll simulacrum (Lair:3)
  2 spriggan simulacra (Lair:3)
  A mummy (D:5)
  14 gnolls
  9 adders
  2 naga simulacra (Lair:3)
  2 shadow imps
  5 white imps
  3 ufetubi (D:7)
  3 worms
  3 dart slugs
  22 orcs
  3 bats
  9 endoplasms
  4 giant cockroaches
  4 goblins
  10 hobgoblins
  2 jackals (D:3)
  11 kobolds
  2 quokkas
  4 ball pythons
  4 frilled lizards
  A rat (D:2)
390 creatures vanquished.

Vanquished Creatures (others)
  23 fungi
  36 plants
  10 withered plants (Lair:5)
69 creatures vanquished.

Grand Total: 459 creatures vanquished

Notes
Turn   | Place    | Note
-------+----------+-------------------------------------------
     0 | D:1      | qw the Gargoyle Fighter began the quest for the Orb.
     0 | D:1      | Reached XP level 1. HP: 14/14 MP: 1/1
     0 | D:1      | 0 ||| qw: Version: 0.2-a-12-gaebbb33
     0 | D:1      | 0 ||| qw: Game counter: 1013
     0 | D:1      | 0 ||| qw: Always use a shield: true
     0 | D:1      | 0 ||| qw: God list: Okawaru
     0 | D:1      | 0 ||| qw: Allow faded altars: false
     0 | D:1      | 0 ||| qw: Do Orc after D:15 true
     0 | D:1      | 0 ||| qw: Do second Lair branch before Depths: true
     0 | D:1      | 0 ||| qw: Lair rune preference: random
     0 | D:1      | 0 ||| qw: Plans: Normal, Zot:1-4, God:TSO, Crypt, Tomb,
                  | Pan, Slime:5, Hells, Abyss, Orb
     0 | D:1      | 0 ||| PLANNING D:1-11
    60 | D:1      | Reached XP level 2. HP: 18/19 MP: 2/2
   133 | D:1      | Found a faded altar of an unknown god.
   813 | D:1      | 813 ||| DROPPING +0 club.
   831 | D:1      | 831 ||| UPGRADING to +1 cloak.
   836 | D:1      | 836 ||| UPGRADING to +0 chain mail.
   846 | D:1      | 846 ||| DROPPING +0 scale mail.
   847 | D:1      | 847 ||| READING 3 scrolls labelled SAIDEMN LEIN.
   848 | D:1      | 848 ||| DROPPING 2 scrolls of blinking.
   917 | D:2      | Reached skill level 3 in Axes
   917 | D:2      | Reached XP level 3. HP: 20/23 MP: 3/3
   917 | D:2      | 917 ||| STAIRDANCE
   999 | D:2      | 999 ||| Stepping ~*~*~tactically~*~*~ (stealth).
  1138 | D:2      | Reached XP level 4. HP: 28/28 MP: 4/4
  1290 | D:2      | 1290 ||| Stepping ~*~*~tactically~*~*~ (stealth).
  1635 | D:2      | 1635 ||| Stepping ~*~*~tactically~*~*~ (stealth).
  1643 | D:2      | 1643 ||| Stepping ~*~*~tactically~*~*~ (stealth).
  1651 | D:2      | 1651 ||| Stepping ~*~*~tactically~*~*~ (stealth).
  1837 | D:2      | 1837 ||| UPGRADING to +0 kite shield.
  1847 | D:2      | 1847 ||| UPGRADING to +0 pair of gloves.
  1852 | D:2      | 1852 ||| DROPPING +0 buckler.
  1853 | D:2      | 1853 ||| UPGRADING to amulet of reflection.
  1858 | D:2      | 1858 ||| READING 3 scrolls labelled WEOJYI YNTA.
  1859 | D:2      | 1859 ||| READING scroll labelled HOLINU TANUGOM.
  1860 | D:2      | 1860 ||| READING 2 scrolls of identify.
  1860 | D:2      | 1860 ||| IDENTIFYING fuming amethyst potion
  1861 | D:2      | 1861 ||| DROPPING potion of flight.
  1942 | D:3      | 1942 ||| Stepping ~*~*~tactically~*~*~ (hiding).
  2030 | D:3      | Reached XP level 5. HP: 28/32 MP: 5/5
  2131 | D:3      | 2131 ||| FLEEEEING.
  2137 | D:3      | 2137 ||| STAIRDANCE
  2170 | D:2      | 2170 ||| READING scroll labelled GYANIBUUQO.
  2174 | D:2      | 2174 ||| READING 3 scrolls of identify.
  2174 | D:2      | 2174 ||| IDENTIFYING murky black potion
  2175 | D:2      | 2175 ||| READING 2 scrolls of identify.
  2175 | D:2      | 2175 ||| IDENTIFYING fizzy inky potion
  2227 | D:3      | 2227 ||| Stepping ~*~*~tactically~*~*~ (stealth).
  2236 | D:3      | 2236 ||| Stepping ~*~*~tactically~*~*~ (stealth).
  2275 | D:3      | 2275 ||| Stepping ~*~*~tactically~*~*~ (stealth).
  2389 | D:3      | 2389 ||| READING scroll labelled KAMAJI LOAXIRU.
  2456 | D:4      | Reached skill level 4 in Shields
  2516 | D:4      | Identified the +1 scale mail "Kihooj" {rF+}
  2629 | D:4      | 2629 ||| Stepping ~*~*~tactically~*~*~ (stealth).
  2783 | D:4      | Noticed an ice beast
  2797 | D:4      | Killed an ice beast
  2798 | D:4      | Reached skill level 5 in Shields
  2798 | D:4      | Reached XP level 6. HP: 37/37 MP: 6/6
  2919 | D:4      | 2919 ||| Stepping ~*~*~tactically~*~*~ (hiding).
  2920 | D:4      | 2920 ||| Stepping ~*~*~tactically~*~*~ (hiding).
  3042 | D:4      | 3042 ||| Stepping ~*~*~tactically~*~*~ (stealth).
  3204 | D:4      | 3204 ||| DROPPING scarf of invisibility.
  3205 | D:4      | 3205 ||| UPGRADING to ring of positive energy.
  3206 | D:4      | 3206 ||| READING scroll labelled FOOTTU ESABU.
  3250 | D:4      | 3250 ||| READING scroll labelled HUEROI MUXIJUFRAE.
  3251 | D:4      | 3251 ||| DRINKING 2 purple potions.
  3252 | D:4      | 3252 ||| READING 2 scrolls of identify.
  3252 | D:4      | 3252 ||| IDENTIFYING cyan potion
  3304 | D:4      | 3304 ||| Stepping ~*~*~tactically~*~*~ (stealth).
  3327 | D:4      | 3327 ||| READING scroll labelled QITHRI CEMPU.
  3332 | D:5      | Entered Level 5 of the Dungeon
  3332 | D:5      | Noticed a black bear
  3333 | D:5      | 3333 ||| PLANNING OSSUARY
  3342 | D:5      | Killed a black bear
  3343 | D:5      | Reached XP level 7. HP: 44/44 MP: 7/7
  3366 | D:5      | HP: 11/44 [gnoll/+0 flail[a gnoll bouda] (7)]
  3367 | D:5      | 3367 ||| DRINKING potion of heal wounds.
  3452 | D:5      | 3452 ||| FLEEEEING.
  3453 | D:5      | 3453 ||| FLEEEEING.
  3618 | D:5      | 3618 ||| DROPPING +0 whip.
  3683 | D:5      | 3683 ||| Stepping ~*~*~tactically~*~*~ (hiding).
  3717 | D:5      | Reached skill level 6 in Axes
  3809 | D:5      | 3809 ||| Stepping ~*~*~tactically~*~*~ (stealth).
  3814 | D:5      | 3814 ||| Stepping ~*~*~tactically~*~*~ (stealth).
  3815 | D:5      | 3815 ||| Stepping ~*~*~tactically~*~*~ (stealth).
  3839 | D:5      | 3839 ||| Stepping ~*~*~tactically~*~*~ (hiding).
  3840 | D:5      | 3840 ||| Stepping ~*~*~tactically~*~*~ (hiding).
  3977 | D:5      | 3977 ||| Stepping ~*~*~tactically~*~*~ (stealth).
  4009 | D:5      | 4009 ||| RIP OSSUARY
  4027 | D:5      | 4027 ||| PLANNING D:1-11
  4036 | D:5      | 4036 ||| Stepping ~*~*~tactically~*~*~ (hiding).
  4044 | D:5      | Reached skill level 6 in Shields
  4052 | D:5      | 4052 ||| FLEEEEING.
  4055 | D:5      | HP: 11/44 [orc priest/divine providence (11)]
  4056 | D:5      | 4056 ||| READING 2 scrolls of teleportation.
  4113 | D:5      | 4113 ||| FLEEEEING.
  4114 | D:5      | 4114 ||| FLEEEEING.
  4115 | D:5      | 4115 ||| FLEEEEING.
  4116 | D:5      | 4116 ||| STAIRDANCE
  4290 | D:4      | 4290 ||| READING scroll labelled GUGGI YQUCU.
  4291 | D:4      | 4291 ||| DRINKING 2 dark potions.
  4396 | D:4      | 4396 ||| READING 3 scrolls of identify.
  4396 | D:4      | 4396 ||| IDENTIFYING fizzy black potion
  4397 | D:4      | 4397 ||| READING 2 scrolls of identify.
  4397 | D:4      | 4397 ||| IDENTIFYING blue potion
  4398 | D:4      | 4398 ||| DROPPING potion of ambrosia.
  4399 | D:4      | 4399 ||| DROPPING potion of degeneration.
  4400 | D:4      | 4400 ||| DROPPING potion of berserk rage.
  4415 | D:5      | Reached skill level 1 in Dodging
  4415 | D:5      | 4415 ||| STAIRDANCE
  4522 | D:5      | 4522 ||| Stepping ~*~*~tactically~*~*~ (stealth).
  4529 | D:5      | 4529 ||| Stepping ~*~*~tactically~*~*~ (hiding).
  4534 | D:5      | Reached XP level 8. HP: 48/48 MP: 8/8
  4810 | D:5      | Found Dacs's Distillery.
  4820 | D:5      | 4820 ||| BUYING potion of curing (39 gold).
  4820 | D:5      | Bought a potion of curing for 39 gold pieces
  4820 | D:5      | 4820 ||| BUYING potion of haste (130 gold).
  4820 | D:5      | Bought a potion of haste for 130 gold pieces
  4820 | D:5      | 4820 ||| SHOPLISTING potion of heal wounds (65 gold, have
                  | 12).
  4820 | D:5      | 4820 ||| SHOPLISTING potion of lignification (39 gold, have
                  | 12).
  4820 | D:5      | 4820 ||| SHOPLISTING potion of mutation (104 gold, have
                  | 12).
  4988 | D:6      | 4988 ||| Stepping ~*~*~tactically~*~*~ (stealth).
  5111 | D:6      | Noticed a yak
  5111 | D:6      | Noticed a yak
  5111 | D:6      | Noticed a yak
  5111 | D:6      | Noticed a yak
  5111 | D:6      | Noticed a yak
  5129 | D:6      | Killed a yak
  5136 | D:6      | Killed a yak
  5149 | D:6      | Killed a yak
  5150 | D:6      | Reached skill level 7 in Shields
  5150 | D:6      | HP: 10/49 [yak (5)]
  5151 | D:6      | 5151 ||| READING scroll of teleportation.
  5154 | D:6      | Killed a yak
  5411 | D:6      | Found Yronamp's Jewellery Shoppe.
  5425 | D:6      | Reached XP level 9. HP: 47/54 MP: 9/9
  5638 | D:6      | 5638 ||| Stepping ~*~*~tactically~*~*~ (hiding).
  5718 | D:6      | 5718 ||| Stepping ~*~*~tactically~*~*~ (hiding).
  6073 | D:6      | 6073 ||| Stepping ~*~*~tactically~*~*~ (hiding).
  6074 | D:6      | 6074 ||| Stepping ~*~*~tactically~*~*~ (hiding).
  6075 | D:6      | 6075 ||| Stepping ~*~*~tactically~*~*~ (hiding).
  6076 | D:6      | 6076 ||| Stepping ~*~*~tactically~*~*~ (hiding).
  6077 | D:6      | 6077 ||| Stepping ~*~*~tactically~*~*~ (hiding).
  6120 | D:6      | Reached skill level 6 in Fighting
  6126 | D:6      | Reached skill level 8 in Shields
  6128 | D:6      | HP: 13/55 [vampire mosquito (5)]
  6465 | D:6      | 6465 ||| SHOPLISTING ring of ice (350 gold, have 61).
  6465 | D:6      | 6465 ||| SHOPLISTING ring of protection from cold (350
                  | gold, have 61).
  6465 | D:6      | 6465 ||| SHOPLISTING ring of see invisible (210 gold, have
                  | 61).
  6570 | D:6      | 6570 ||| Stepping ~*~*~tactically~*~*~ (stealth).
  6630 | D:6      | 6630 ||| Stepping ~*~*~tactically~*~*~ (stealth).
  6787 | D:6      | 6787 ||| UPGRADING to +1 pair of boots.
  6792 | D:6      | 6792 ||| READING scroll labelled WOOPTO CERY.
  6793 | D:6      | 6793 ||| READING scroll labelled CEGASMABIA.
  6840 | D:7      | Found a staircase to the Ecumenical Temple.
  6841 | D:7      | 6841 ||| PLANNING TEMPLE
  6841 | D:7      | 6841 ||| READING 2 scrolls of identify.
  6841 | D:7      | 6841 ||| IDENTIFYING white potion
  6842 | D:7      | 6842 ||| DROPPING potion of brilliance.
  6848 | Temple   | Entered the Ecumenical Temple
  6863 | Temple   | 6863 ||| PLANNING OKAWARU WORSHIP
  7120 | Temple   | Became a worshipper of Warmaster Okawaru
  7121 | Temple   | 7121 ||| PLANNING D:1-11
  7245 | D:7      | Found a blossoming altar of Fedhas.
  7263 | D:7      | 7263 ||| Stepping ~*~*~tactically~*~*~ (hiding).
  7265 | D:7      | 7265 ||| Stepping ~*~*~tactically~*~*~ (hiding).
  7266 | D:7      | 7266 ||| Stepping ~*~*~tactically~*~*~ (hiding).
  7267 | D:7      | 7267 ||| Stepping ~*~*~tactically~*~*~ (hiding).
  7268 | D:7      | 7268 ||| Stepping ~*~*~tactically~*~*~ (hiding).
  7478 | D:7      | Found an ornate altar of the Wu Jian Council.
  7479 | D:7      | Found a radiant altar of Vehumet.
  7490 | D:7      | Found a glowing golden altar of the Shining One.
  7589 | D:7      | Found Hufuonir's Distillery.
  7599 | D:7      | 7599 ||| BUYING 2 potions of heal wounds (150 gold).
  7599 | D:7      | Bought 2 potions of heal wounds for 150 gold pieces
  7599 | D:7      | 7599 ||| SHOPLISTING potion of attraction (45 gold, have
                  | 21).
  7599 | D:7      | 7599 ||| SHOPLISTING potion of curing (45 gold, have 21).
  7599 | D:7      | 7599 ||| SHOPLISTING potion of heal wounds (75 gold, have
                  | 21).
  7599 | D:7      | 7599 ||| SHOPLISTING potion of might (60 gold, have 21).
  7599 | D:7      | 7599 ||| SHOPLISTING potion of mutation (120 gold, have
                  | 21).
  7599 | D:7      | 7599 ||| SHOPLISTING potion of resistance (150 gold, have
                  | 21).
  7708 | D:7      | 7708 ||| Stepping ~*~*~tactically~*~*~ (cloud).
  7709 | D:7      | 7709 ||| Stepping ~*~*~tactically~*~*~ (cloud).
  7721 | D:7      | Reached skill level 9 in Axes
  8084 | D:8      | 8084 ||| READING scroll of enchant weapon.
  8084 | D:8      | 8084 ||| ENCHANTING +1 war axe.
  8148 | D:8      | Reached XP level 10. HP: 56/60 MP: 10/10
  8264 | D:8      | Reached * piety under Okawaru
  8279 | D:8      | Reached skill level 1 in Invocations
  8324 | D:8      | 8324 ||| Stepping ~*~*~tactically~*~*~ (hiding).
  8329 | D:8      | 8329 ||| INVOKING Heroism.
  8406 | D:8      | 8406 ||| Stepping ~*~*~tactically~*~*~ (hiding).
  8412 | D:8      | 8412 ||| INVOKING Heroism.
  8446 | D:8      | Identified the +7 scimitar of the Little People {drain,
                  | +Blink Int+2}
  8883 | D:9      | Reached skill level 3 in Invocations
  8886 | D:9      | 8886 ||| Stepping ~*~*~tactically~*~*~ (stealth).
  8919 | D:9      | 8919 ||| DROPPING +0 flail.
  8922 | D:9      | Noticed a three-headed hydra
  8923 | D:9      | 8923 ||| INVOKING Heroism.
  8924 | D:9      | 8924 ||| SWAPPING to +3 hand axe of flaming.
  8928 | D:9      | Reached skill level 9 in Shields
  8932 | D:9      | Killed a one-headed hydra
  8933 | D:9      | 8933 ||| SWAPPING to +2 war axe.
  9039 | D:9      | 9039 ||| Stepping ~*~*~tactically~*~*~ (stealth).
  9041 | D:9      | 9041 ||| INVOKING Heroism.
  9050 | D:9      | Reached ** piety under Okawaru
  9098 | D:9      | Reached skill level 6 in Armour
  9236 | D:9      | 9236 ||| Stepping ~*~*~tactically~*~*~ (stealth).
  9242 | D:9      | 9242 ||| INVOKING Heroism.
  9249 | D:9      | 9249 ||| Stepping ~*~*~tactically~*~*~ (stealth).
  9272 | D:9      | 9272 ||| Stepping ~*~*~tactically~*~*~ (stealth).
  9273 | D:9      | 9273 ||| Stepping ~*~*~tactically~*~*~ (stealth).
  9274 | D:9      | 9274 ||| Stepping ~*~*~tactically~*~*~ (stealth).
  9275 | D:9      | 9275 ||| Stepping ~*~*~tactically~*~*~ (stealth).
  9276 | D:9      | 9276 ||| INVOKING Heroism.
  9301 | D:9      | Reached XP level 11. HP: 65/68 MP: 14/14
  9351 | D:9      | 9351 ||| INVOKING Heroism.
  9356 | D:9      | Noticed Amaemon
  9357 | D:9      | 9357 ||| Stepping ~*~*~tactically~*~*~ (stealth).
  9365 | D:9      | Reached *** piety under Okawaru
  9369 | D:9      | 9369 ||| INVOKING Heroism.
  9381 | D:9      | Killed Amaemon
  9647 | D:9      | 9647 ||| INVOKING Heroism.
  9660 | D:9      | 9660 ||| Stepping ~*~*~tactically~*~*~ (hiding).
  9665 | D:9      | 9665 ||| INVOKING Heroism.
  9756 | D:9      | Found a staircase to the Lair.
  9894 | D:9      | 9894 ||| PLANNING LAIR
  9894 | D:9      | 9894 ||| DROPPING amulet of the acrobat.
  9895 | D:9      | 9895 ||| READING scroll labelled YXUNUC BUOPT.
  9924 | Lair:1   | Entered Level 1 of the Lair of Beasts
  9924 | Lair:1   | Noticed qw's ghost (journeyman GrFi)
  9924 | Lair:1   | Found a transporter.
  9924 | Lair:1   | Found a transporter.
  9948 | Lair:1   | 9948 ||| Stepping ~*~*~tactically~*~*~ (stealth).
  9949 | Lair:1   | 9949 ||| Stepping ~*~*~tactically~*~*~ (stealth).
  9950 | Lair:1   | 9950 ||| Stepping ~*~*~tactically~*~*~ (stealth).
  9951 | Lair:1   | 9951 ||| INVOKING Heroism.
  9962 | Lair:1   | Reached skill level 10 in Shields
  9964 | Lair:1   | Reached **** piety under Okawaru
 10048 | Lair:1   | 10048 ||| INVOKING Heroism.
 10220 | Lair:1   | 10220 ||| Stepping ~*~*~tactically~*~*~ (hiding).
 10367 | Lair:1   | Noticed a boulder beetle
 10368 | Lair:1   | 10368 ||| Stepping ~*~*~tactically~*~*~ (stealth).
 10377 | Lair:1   | 10377 ||| INVOKING Heroism.
 10383 | Lair:1   | 10383 ||| Stepping ~*~*~tactically~*~*~ (stealth).
 10391 | Lair:1   | 10391 ||| INVOKING Heroism.
 10393 | Lair:1   | 10393 ||| Stepping ~*~*~tactically~*~*~ (stealth).
 10417 | Lair:1   | Killed a boulder beetle
 10451 | Lair:1   | 10451 ||| INVOKING Heroism.
 10465 | Lair:1   | Received a gift from Okawaru
 10466 | Lair:1   | Reached skill level 6 in Invocations
 10619 | Lair:1   | 10619 ||| Stepping ~*~*~tactically~*~*~ (stealth).
 10620 | Lair:1   | 10620 ||| Stepping ~*~*~tactically~*~*~ (stealth).
 10710 | Lair:1   | 10710 ||| INVOKING Heroism.
 11006 | Lair:1   | Reached skill level 9 in Fighting
 11058 | Lair:2   | 11058 ||| INVOKING Heroism.
 11059 | Lair:2   | 11059 ||| STAIRDANCE
 11074 | Lair:2   | 11074 ||| STAIRDANCE
 11083 | Lair:1   | Reached XP level 12. HP: 42/76 MP: 15/17
 11240 | Lair:2   | 11240 ||| INVOKING Heroism.
 11244 | Lair:2   | 11244 ||| STAIRDANCE
 11323 | Lair:2   | Noticed a boulder beetle
 11324 | Lair:2   | 11324 ||| INVOKING Heroism.
 11361 | Lair:2   | Killed a boulder beetle
 11435 | Lair:2   | 11435 ||| Stepping ~*~*~tactically~*~*~ (stealth).
 11444 | Lair:2   | 11444 ||| INVOKING Heroism.
 11454 | Lair:2   | Reached ***** piety under Okawaru
 11630 | Lair:2   | Noticed a catoblepas
 11631 | Lair:2   | 11631 ||| INVOKING Heroism.
 11632 | Lair:2   | 11632 ||| INVOKING Finesse.
 11645 | Lair:2   | Killed a catoblepas
 11714 | Lair:2   | 11714 ||| INVOKING Heroism.
 11734 | Lair:2   | Reached skill level 9 in Invocations
 12042 | Lair:2   | 12042 ||| INVOKING Heroism.
 12045 | Lair:2   | Received a gift from Okawaru
 12274 | Lair:2   | Noticed a five-headed hydra
 12275 | Lair:2   | 12275 ||| INVOKING Heroism.
 12276 | Lair:2   | 12276 ||| INVOKING Finesse.
 12279 | Lair:2   | 12279 ||| SWAPPING to +3 hand axe of flaming.
 12286 | Lair:2   | Killed a one-headed hydra
 12287 | Lair:2   | 12287 ||| SWAPPING to +2 war axe.
 12302 | Lair:2   | Noticed a death yak
 12316 | Lair:2   | Killed a death yak
 12317 | Lair:2   | Reached skill level 12 in Axes
 12336 | Lair:2   | 12336 ||| INVOKING Heroism.
 12357 | Lair:2   | Received a gift from Okawaru
 12716 | Lair:2   | 12716 ||| Stepping ~*~*~tactically~*~*~ (stealth).
 12725 | Lair:2   | Reached skill level 3 in Throwing
 12829 | Lair:2   | Noticed a boulder beetle
 12830 | Lair:2   | 12830 ||| INVOKING Heroism.
 12831 | Lair:2   | 12831 ||| INVOKING Finesse.
 12853 | Lair:2   | Killed a boulder beetle
 13013 | Lair:2   | Noticed a six-headed hydra
 13014 | Lair:2   | 13014 ||| INVOKING Heroism.
 13015 | Lair:2   | 13015 ||| SWAPPING to +3 hand axe of flaming.
 13020 | Lair:2   | Killed a one-headed hydra
 13021 | Lair:2   | Reached XP level 13. HP: 77/81 MP: 17/20
 13021 | Lair:2   | 13021 ||| SWAPPING to +2 war axe.
 13138 | Lair:2   | 13138 ||| DROPPING amulet of regeneration.
 13139 | Lair:2   | 13139 ||| UPGRADING to ring of protection from fire.
 13140 | Lair:2   | 13140 ||| READING scroll labelled QADWOHAGISS.
 13263 | Lair:3   | Found a staircase to the Shoals.
 13437 | Lair:3   | 13437 ||| INVOKING Heroism.
 13610 | Lair:3   | 13610 ||| INVOKING Heroism.
 13670 | Lair:3   | 13670 ||| INVOKING Heroism.
 13671 | Lair:3   | 13671 ||| INVOKING Finesse.
 13674 | Lair:3   | 13674 ||| SWAPPING to +3 hand axe of flaming.
 13679 | Lair:3   | 13679 ||| SWAPPING to +2 war axe.
 13731 | Lair:3   | 13731 ||| INVOKING Heroism.
 13750 | Lair:3   | 13750 ||| Stepping ~*~*~tactically~*~*~ (stealth).
 13810 | Lair:3   | 13810 ||| INVOKING Heroism.
 13814 | Lair:3   | 13814 ||| SWAPPING to +3 hand axe of flaming.
 13818 | Lair:3   | 13818 ||| SWAPPING to +2 war axe.
 13842 | Lair:3   | 13842 ||| INVOKING Finesse.
 13843 | Lair:3   | 13843 ||| INVOKING Finesse.
 13844 | Lair:3   | 13844 ||| INVOKING Finesse.
 13863 | Lair:3   | Reached skill level 11 in Shields
 13888 | Lair:3   | Identified the +0 ring mail "Qeusitof" {Rampage rC+++ Dex-3
                  | Stlth-} (Okawaru gifted it to you on level 3 of the Lair of
                  | Beasts)
 13888 | Lair:3   | Received a gift from Okawaru
 13891 | Lair:3   | 13891 ||| INVOKING Heroism.
 13893 | Lair:3   | 13893 ||| FLEEEEING.
 13894 | Lair:3   | 13894 ||| FLEEEEING.
 13895 | Lair:3   | 13895 ||| FLEEEEING.
 13896 | Lair:3   | 13896 ||| FLEEEEING.
 13897 | Lair:3   | 13897 ||| FLEEEEING.
 13915 | Lair:3   | 13915 ||| FLEEEEING.
 14155 | Lair:3   | 14155 ||| INVOKING Heroism.
 14232 | Lair:3   | 14232 ||| INVOKING Heroism.
 14237 | Lair:3   | 14237 ||| Stepping ~*~*~tactically~*~*~ (hiding).
 14297 | Lair:3   | Found a staircase to the Snake Pit.
 14754 | Lair:3   | 14754 ||| UPGRADING to +1 tower shield of cold resistance.
 14764 | Lair:3   | 14764 ||| DROPPING +0 kite shield.
 14765 | Lair:3   | 14765 ||| READING scroll labelled ZOTSER PIUR.
 14766 | Lair:3   | 14766 ||| READING 3 scrolls of identify.
 14766 | Lair:3   | 14766 ||| IDENTIFYING sedimented ruby potion
 14767 | Lair:3   | 14767 ||| READING 2 scrolls of identify.
 14767 | Lair:3   | 14767 ||| IDENTIFYING green potion
 14768 | Lair:3   | 14768 ||| DROPPING potion of invisibility.
 14831 | Lair:4   | 14831 ||| Stepping ~*~*~tactically~*~*~ (stealth).
 14833 | Lair:4   | 14833 ||| Stepping ~*~*~tactically~*~*~ (stealth).
 14835 | Lair:4   | 14835 ||| INVOKING Heroism.
 14847 | Lair:4   | Noticed Snorg
 14848 | Lair:4   | 14848 ||| Stepping ~*~*~tactically~*~*~ (stealth).
 14849 | Lair:4   | 14849 ||| INVOKING Finesse.
 14886 | Lair:4   | Reached skill level 12 in Shields
 14896 | Lair:4   | 14896 ||| INVOKING Heroism.
 14897 | Lair:4   | Killed Snorg
 14918 | Lair:4   | HP: 19/82 [elephant (11)]
 14919 | Lair:4   | 14919 ||| READING scroll of teleportation.
 14920 | Lair:4   | 14920 ||| DRINKING 3 potions of heal wounds.
 14955 | Lair:4   | 14955 ||| FLEEEEING.
 14956 | Lair:4   | 14956 ||| FLEEEEING.
 14957 | Lair:4   | 14957 ||| FLEEEEING.
 14960 | Lair:4   | 14960 ||| FLEEEEING.
 14961 | Lair:4   | 14961 ||| FLEEEEING.
 14962 | Lair:4   | 14962 ||| FLEEEEING.
 14963 | Lair:4   | 14963 ||| FLEEEEING.
 14964 | Lair:4   | 14964 ||| FLEEEEING.
 14965 | Lair:4   | 14965 ||| FLEEEEING.
 14966 | Lair:4   | 14966 ||| FLEEEEING.
 14967 | Lair:4   | 14967 ||| FLEEEEING.
 14968 | Lair:4   | 14968 ||| FLEEEEING.
 14969 | Lair:4   | 14969 ||| FLEEEEING.
 14970 | Lair:4   | 14970 ||| FLEEEEING.
 14971 | Lair:4   | 14971 ||| FLEEEEING.
 14972 | Lair:4   | 14972 ||| FLEEEEING.
 14973 | Lair:4   | 14973 ||| FLEEEEING.
 14974 | Lair:4   | 14974 ||| FLEEEEING.
 14975 | Lair:4   | 14975 ||| FLEEEEING.
 14976 | Lair:4   | 14976 ||| FLEEEEING.
 14977 | Lair:4   | 14977 ||| FLEEEEING.
 14978 | Lair:4   | 14978 ||| FLEEEEING.
 14979 | Lair:4   | 14979 ||| FLEEEEING.
 14981 | Lair:4   | 14981 ||| STAIRDANCE
 15164 | Lair:4   | Gained mutation: Your large and strong wings let you fly.
                  | [Gargoyle growth]
 15164 | Lair:4   | Reached XP level 14. HP: 81/88 MP: 21/21
 15200 | Lair:4   | 15200 ||| INVOKING Heroism.
 15201 | Lair:4   | 15201 ||| INVOKING Finesse.
 15204 | Lair:4   | 15204 ||| SWAPPING to +3 hand axe of flaming.
 15213 | Lair:4   | 15213 ||| SWAPPING to +2 war axe.
 15285 | Lair:4   | Reached skill level 13 in Shields
 15708 | Lair:4   | 15708 ||| INVOKING Heroism.
 15926 | Lair:4   | 15926 ||| READING 2 scrolls of identify.
 15926 | Lair:4   | 15926 ||| IDENTIFYING viscous brown potion
 15942 | Lair:5   | Entered Level 5 of the Lair of Beasts
 15943 | Lair:5   | 15943 ||| INVOKING Heroism.
 15946 | Lair:5   | 15946 ||| STAIRDANCE
 15956 | Lair:5   | 15956 ||| STAIRDANCE
 15972 | Lair:5   | 15972 ||| STAIRDANCE
 16070 | Lair:5   | 16070 ||| STAIRDANCE
 16074 | Lair:5   | 16074 ||| STAIRDANCE
 16089 | Lair:5   | 16089 ||| STAIRDANCE
 16099 | Lair:5   | 16099 ||| STAIRDANCE
 16118 | Lair:5   | 16118 ||| STAIRDANCE
 16171 | Lair:5   | 16171 ||| STAIRDANCE
 16244 | Lair:5   | 16244 ||| Stepping ~*~*~tactically~*~*~ (stealth).
 16245 | Lair:5   | 16245 ||| Stepping ~*~*~tactically~*~*~ (stealth).
 16248 | Lair:5   | 16248 ||| Stepping ~*~*~tactically~*~*~ (stealth).
 16252 | Lair:5   | 16252 ||| Stepping ~*~*~tactically~*~*~ (stealth).
 16254 | Lair:5   | 16254 ||| INVOKING Heroism.
 16266 | Lair:5   | Reached skill level 14 in Shields
 16459 | Lair:5   | 16459 ||| INVOKING Heroism.
 16558 | Lair:5   | 16558 ||| INVOKING Heroism.
 16659 | Lair:5   | Noticed a dire elephant
 16659 | Lair:5   | Noticed a dire elephant
 16659 | Lair:5   | Noticed a dire elephant
 16659 | Lair:5   | Noticed a dire elephant
 16659 | Lair:5   | Noticed a dire elephant
 16660 | Lair:5   | 16660 ||| INVOKING Heroism.
 16670 | Lair:5   | Killed a dire elephant
 16869 | Lair:5   | 16869 ||| Stepping ~*~*~tactically~*~*~ (hiding).
 16924 | Lair:5   | Found a shimmering blue altar of Sif Muna.
 16925 | Lair:5   | 16925 ||| Stepping ~*~*~tactically~*~*~ (stealth).
 16927 | Lair:5   | 16927 ||| INVOKING Heroism.
 17031 | Lair:5   | Found a staircase to the Slime Pits.
 17031 | Lair:5   | Found a viscous altar of Jiyva.
 17211 | Lair:5   | Identified the +8 rapier of the Skies Above {freeze, rPois
                  | rCorr Dex+2}
 17499 | Lair:5   | Reached skill level 15 in Shields
 17506 | Lair:5   | 17506 ||| INVOKING Heroism.
 17507 | Lair:5   | 17507 ||| INVOKING Finesse.
 17510 | Lair:5   | 17510 ||| Stepping ~*~*~tactically~*~*~ (hiding).
 17667 | Lair:5   | 17667 ||| INVOKING Heroism.
 17687 | Lair:5   | Killed a dire elephant
 17696 | Lair:5   | Killed a dire elephant
 17696 | Lair:5   | Received a gift from Okawaru
 17706 | Lair:5   | HP: 10/88 [dire elephant (13)]
 17707 | Lair:5   | 17707 ||| DRINKING 2 potions of heal wounds.
 17708 | Lair:5   | 17708 ||| INVOKING Heroism.
 17711 | Lair:5   | HP: 9/88 [dire elephant (16)]
 17712 | Lair:5   | 17712 ||| DRINKING potion of heal wounds.
 17712 | Lair:5   | HP: 2/88 [dire elephant (24)]
 17713 | Lair:5   | Annihilated by a dire elephant

Levels and vault maps discovered:
D:1:      sevenhm_arrival_forest_fort_small_3, layout_loops_ring,
          hellmonk_ecumenical_altar_zigzags
D:2:      layout_basic
D:3:      layout_rooms
D:4:      layout_loops_ring
D:5:      layout_basic, gup_ossuary_entry_pyramid, serial_shops,
          nicolae_shop_hallway_plus, chequers_decorated_corner
D:6:      layout_loops_corners, kennysheep_windowed_goal
D:7:      layout_loops_cross, nicolae_overflow_quartered_altars,
          minmay_temple_entry_grid, serial_shops, nicolae_square_shop
D:8:      layout_basic
D:9:      layout_loops_ring, lair_entry_dummy, hangedman_ranch, uniq_amaemon
Temple:   hc_temple_tempest_star
Lair:1:   layout_loops_ring, gammafunk_ghost_hive, serial_bayou_shore_b
Lair:2:   nzn_winding_woodlands_small [nzn_winding_woodlands_5x15_sawtooth,
          nzn_winding_woodlands_center_triple_pond,
          nzn_winding_woodlands_5x15_lazy_stream], layout_regular_city,
          grunt_forest_large_clearing_hut, grunt_megastairs_2
Lair:3:   dreamdust_isle_of_ice, layout_regular_city, elwin_shoals_entry_rocks,
          guppyfry_snake_entry_garden
Lair:4:   layout_hall_layers, uniq_snorg
Lair:5:   due_jungle_book, layout_misc_corridors, slime_entry_1,
          lemuel_centaur_altar, grunt_megastairs_1

Skill      XL: |  1  2  3  4  5  6  7  8  9 10 11 12 13 14 |
---------------+-------------------------------------------+-----
Axes           | 2 3 4 5 6 7 9 10 11 12 13 | 13.8
Shields        | 5 6 7 8 9 10 12 15 | 15.0
Fighting       | 4 5 6 8 9 10 | 10.1
Dodging        | 1 2 |  2.2
Throwing       | 2 3 4 |  4.0
Armour         | 5 6 7 8 |  8.0
Invocations    | 4 7 10 | 10.0

Action                   |  1- 3 |  4- 6 |  7- 9 | 10-12 | 13-15 || total
-------------------------+-------+-------+-------+-------+-------++-------
Melee: War axe           |    91 |   149 |   338 |   518 |   598 ||  1694
       Hand axe          |       |       |       |    19 |    10 ||    29
Throw: Boomerang         |       |       |    38 |    56 |    74 ||   168
       Javelin           |       |       |       |     8 |     5 ||    13
Invok: Heroism           |       |       |       |    27 |    21 ||    48
       Finesse           |       |       |       |     3 |     5 ||     8
  Use: Scroll            |     1 |    11 |     9 |     1 |     6 ||    28
       Potion            |       |     1 |     2 |       |     3 ||     6
Armor: Scale mail        |    24 |       |       |       |       ||    24
       Chain mail        |    31 |    77 |   187 |   193 |   213 ||   701
Dodge: Dodged            |    45 |    46 |    94 |   137 |   107 ||   429
Block: Buckler           |    15 |     4 |       |       |       ||    19
       Kite shield       |       |    76 |   259 |   390 |   126 ||   851
       Reflection        |       |     1 |     5 |     4 |    15 ||    25
       Tower shield      |       |       |       |       |   441 ||   441

Table legend:
 A = Non-vault XP
 B = Vault XP
 C = Vault XP percentage of total XP
 D = Non-vault monster count
 E = Vault monster count
 F = Vault count percentage of total count
                 A         B        C        D         E       F
            +---------+---------+-------+---------+---------+-------
      Total |   48426 |   23624 |  32.8 |     319 |      71 |  18.2
            +---------+---------+-------+---------+---------+-------
        D:1 |      29 |       0 |   0.0 |      17 |       0 |   0.0
        D:2 |     119 |       0 |   0.0 |      24 |       0 |   0.0
        D:3 |      31 |       0 |   0.0 |      12 |       0 |   0.0
        D:4 |     378 |       0 |   0.0 |      17 |       0 |   0.0
        D:5 |     813 |      18 |   2.2 |      31 |       1 |   3.1
        D:6 |    2351 |     188 |   7.4 |      28 |       3 |   9.7
        D:7 |     534 |       0 |   0.0 |       8 |       0 |   0.0
        D:8 |    1300 |       0 |   0.0 |      22 |       0 |   0.0
        D:9 |    4237 |    2808 |  39.9 |      32 |       8 |  20.0
     Lair:1 |    4232 |    1786 |  29.7 |      16 |       6 |  27.3
     Lair:2 |    9194 |    5015 |  35.3 |      26 |      10 |  27.8
     Lair:3 |    9161 |    4914 |  34.9 |      37 |      20 |  35.1
     Lair:4 |    9694 |    3065 |  24.0 |      27 |      10 |  27.0
     Lair:5 |    6353 |    5830 |  47.9 |      22 |      13 |  37.1
            +---------+---------+-------+---------+---------+-------
